 Dungeon Crawl Stone Soup version 0.30-a0-639-g3916f1956a (webtiles) character file.

Game seed: 7446394233070556212

689 Persephone the Skirmisher (level 7, 0/56 HPs)
             Began as a Minotaur Hunter on Jan 15, 2023.
             Succumbed to an adder's poison
             ... on level 3 of the Dungeon.
             The game lasted 00:09:07 (4006 turns).

Persephone the Skirmisher (Minotaur Hunter)         Turns: 4006, Time: 00:09:08

Health: 0/56       AC:  9    Str: 15 (16) XL:     7   Next: 36%
Magic:  6/6        EV: 12    Int:  5 (6)  God:
Gold:   312        SH:  0    Dex: 14 (15) Spells: 6/6 levels left

rFire   . . .      SeeInvis .    a - +0 shortbow
rCold   . . .      Faith    .    (shield currently unavailable)
rNeg    . . .      Spirit   .    c - +1 leather armour
rPois   .          Reflect  .    (helmet restricted)
rElec   .          Harm     .    f - +0 cloak
rCorr   .          Rampage  .    (no gloves)
Will    .....                    (no boots)
Stlth   +                        (no amulet)
HPRegen 0.29/turn                m - +4 ring of protection
MPRegen 0.10/turn                (no ring)

@: brilliant, lethally poisoned (0 -> -1)
A: horns 2, retaliatory headbutt
a: no special abilities


You were on level 3 of the Dungeon.
You visited 2 branches of the dungeon, and saw 5 of its levels.
You also visited: Sewer.

You collected 312 gold pieces.

Inventory:

Hand Weapons
 a - a +0 shortbow (weapon)
Armour
 c - a +1 leather armour (worn)
 f - a +0 cloak (worn)
Jewellery
 m - a +4 ring of protection (left hand)
 n - a ring of positive energy
 o - a ring of ice
Wands
 r - a wand of polymorph (10)
Scrolls
 b - a scroll of immolation
 e - 4 scrolls of identify
 h - a scroll of fear
 j - 2 scrolls of teleportation
 k - 2 scrolls of enchant weapon {unknown}
 p - a scroll of fog {unknown}
 q - a scroll of poison {unknown}
Potions
 g - a potion of magic
 i - a potion of brilliance


   Skills:
 - Level 2.4 Fighting
 + Level 10.0 Ranged Weapons
 - Level 2.1 Dodging
 - Level 0.7 Stealth


You had 6 spell levels left.
You didn't know any spells.
Your spell library contained the following spells:

 Spells                   Type           Power      Damage    Failure   Level
 Slow                     Hex            0%         N/A       54%         1
 Confusing Touch          Hex            0%         N/A       89%         3
 Portal Projectile        Hex/Tloc       0%         N/A       89%         3
 Tukima's Dance           Hex            0%         N/A       89%         3
 Vampiric Draining        Necr           0%         2d6       89%         3
 Vhi's Electric Charge    Tloc/Air       0%         N/A       89%         3
 Arcjolt                  Conj/Air       0%         1d10      100%        5
 Blade Hands              Tmut           0%         N/A       100%        5
 Maxwell's Capacitive Co  Air            0%         ∞         100%        8


Dungeon Overview and Level Annotations

Branches:
Dungeon (4/15)             Temple (1/1) D:4           Sewer (visited)

Altars:
Elyvilon
Kikubaaqudgha
Makhleb
Qazlal
Ru
Uskayaw
Wu Jian
Xom
Yredelemnul

Shops:
D:1 ?   D:3 =


Innate Abilities, Weirdness & Mutations

You have a pair of horns on your head.
You reflexively headbutt those who attack you in melee.


Message History

The adder bites you but does no damage.
The grasping roots release their grip on you.
Fire: a) +0 shortbow
Press: ? - help, Shift-Dir - straight line, f/p - Ijyb
Aim: Ijyb, wielding a +1 heavy mace, wearing a +0 leather armour and wearing a ring of willpower (almost dead, 58% to hit)
You shoot an arrow. The arrow barely misses Ijyb.
The adder misses you. Ijyb hits you with a +1 heavy mace!
* * * LOW HITPOINT WARNING * * *
The adder bites you.
* * * LOW HITPOINT WARNING * * *
You are lethally poisoned!
The adder poisons you!
Blink to where?
Press: ? - help, Dir - move target, p - Ijyb
As you read the scroll of blinking, it crumbles to dust.
* * * LOW HITPOINT WARNING * * *
You feel sick.
It was a potion of degeneration.
There was something very wrong with that liquid.
You feel weakened.
You feel dopey.
You feel clumsy.
* * * LOW HITPOINT WARNING * * *
You feel sick.
It was a potion of brilliance.
You feel clever all of a sudden.
* * * LOW HITPOINT WARNING * * *
You feel sick.
Fire: a) +0 shortbow
Press: ? - help, Shift-Dir - straight line, f - adder
Aim: an adder (48% to hit)
You shoot an arrow. The arrow hits the adder!
You kill the adder!
* * * LOW HITPOINT WARNING * * *
You feel sick.
Your Ranged Weapons skill increases to level 10!
Fire: a) +0 shortbow
Press: ? - help, Shift-Dir - straight line, f - Ijyb
Aim: Ijyb, wielding a +1 heavy mace, wearing a +0 leather armour and wearing a ring of willpower (almost dead, 59% to hit)
You shoot an arrow. The arrow hits Ijyb.
You kill Ijyb!
You die...

#.....#≈~≈~# #..
#..##.#..##≈≈~≈#
...
..........######
.. #...##.#.###
#...
#.##...##.#.###
##..
....<........#
#.#
...)....#.#.#
#.#
##...#######.#
#.# #.@....# #.#
#.# ##......#
#.# #.# ##....##
#.#.##.# #.....#
#.#..... #....#
#>####.# #..##
#.####.# ....
#.....g# ..#
##gg....
#....##.


There were no monsters in sight!

Vanquished Creatures
  2 bullfrogs (Sewer)
  4 scorpions (D:4)
  An iguana (D:3)
  Ijyb (D:3)
  2 orc wizards
  13 adders
  2 dart slugs
  7 orcs
  14 ball pythons
  12 bats
  10 endoplasms
  7 giant cockroaches
  9 goblins
  8 hobgoblins
  5 jackals
  11 quokkas
  9 frilled lizards
  9 kobolds
  3 rats
129 creatures vanquished.

Vanquished Creatures (others)
  An orc (D:4)
1 creature vanquished.

Grand Total: 130 creatures vanquished

Notes
Turn   | Place    | Note
-------+----------+-------------------------------------------
     0 | D:1      | Persephone the Minotaur Hunter began the quest for the Orb.
     0 | D:1      | Reached XP level 1. HP: 18/18 MP: 0/0
    67 | D:1      | Reached XP level 2. HP: 25/25 MP: 1/1
    74 | D:1      | Reached skill level 5 in Ranged Weapons
   371 | D:1      | Found Vohah's Magic Scroll Boutique.
   383 | D:1      | Reached XP level 3. HP: 30/30 MP: 2/2
   906 | D:2      | Reached skill level 6 in Ranged Weapons
  1061 | D:2      | Reached XP level 4. HP: 37/37 MP: 3/3
  1596 | D:3      | Noticed Ijyb
  1762 | D:4      | Reached skill level 7 in Ranged Weapons
  1762 | D:4      | Reached XP level 5. HP: 30/42 MP: 4/4
  2055 | D:4      | Reached skill level 8 in Ranged Weapons
  2055 | D:4      | Reached XP level 6. HP: 29/50 MP: 5/5
  2172 | D:4      | Found a glowing drain.
  2176 | Sewer    | Entered a sewer
  2463 | Sewer    | Reached skill level 9 in Ranged Weapons
  2743 | D:4      | Reached XP level 7. HP: 48/56 MP: 6/6
  2875 | D:4      | Found a staircase to the Ecumenical Temple.
  2896 | Temple   | Entered the Ecumenical Temple
  3507 | D:3      | Found a burning altar of Makhleb.
  3790 | D:3      | Found Gonat's One-of-a-Kind Rings.
  4003 | D:3      | HP: 2/56 [poisoned by an adder]
  4006 | D:3      | Reached skill level 10 in Ranged Weapons
  4006 | D:3      | Killed Ijyb
  4006 | D:3      | Succumbed to an adder's poison

Illustrated notes

Levels and vault maps discovered:
D:1:      amcnicky_arrival_abandoned_market, layout_loops_ring, serial_shops,
          shop
D:2:      layout_loops_ring, minmay_vboxes
D:3:      layout_loops_ring, kennysheep_orc_sif_temple,
          mainiacjoe_overflow_24_doors, nicolae_tso_carved_into_rock,
          serial_shops, shop, chequers_serial_rivers_room_b,
          nicolae_shop_unique_rings, uniq_ijyb
D:4:      layout_loops_ring, minmay_temple_entry_glassed_door,
          portal_sewer_entry_e
Temple:   hellmonk_temple_forest_ring

Skill      XL: |  1  2  3  4  5  6  7 |
---------------+----------------------+-----
Ranged Weapons | 5 6 7 8 9 10 | 10.0
Fighting       | |  2.4
Dodging        | |  2.1
Stealth        | |  0.7

Action                   |  1- 3 |  4- 6 |  7- 9 || total
-------------------------+-------+-------+-------++-------
 Fire: Shortbow          |   106 |   182 |   103 ||   391
  Use: Potion            |       |     3 |     2 ||     5
       Scroll            |       |     6 |     1 ||     7
Armor: Leather armour    |    14 |    38 |    16 ||    68
Dodge: Dodged            |    45 |    62 |    27 ||   134

Table legend: (Time is in decaauts)
 A = Elapsed time spent in this place.
 B = Non-inter-level travel time spent in this place.
 C = Inter-level travel time spent in this place.
 D = Time resting spent in this place.
 E = Time spent auto-exploring this place.
 F = Levels seen in this place.
 G = Mean time per level.
                   A        B        C        D        E       F      G
               +--------+--------+--------+--------+--------+-----+--------+
         Total |   4172 |   4063 |    109 |      0 |   3106 |   6 |  695.3 |
       Dungeon |   3374 |   3282 |     92 |      0 |   2658 |   4 |  843.5 |
        Temple |    158 |    141 |     17 |      0 |    132 |   1 |  158.0 |
         Sewer |    639 |    639 |      0 |      0 |    316 |   1 |  639.0 |
               +--------+--------+--------+--------+--------+-----+--------+

Top non-repeatable levels by time:
     D:4: 1190 daAuts
     D:1: 834 daAuts
     D:2: 735 daAuts
   Sewer: 639 daAuts
     D:3: 614 daAuts
  Temple: 158 daAuts
